 Dungeon Crawl Stone Soup version 0.30-a0-743-gbfdf073431 (webtiles) character file.

Game seed: 7939256919869715829

342 Newt the Skirmisher (level 6, -2/40 HPs)
             Began as a Kobold Hunter on Feb 7, 2023.
             Slain by a yak (6 damage)
             ... on level 6 of the Dungeon.
             The game lasted 00:03:31 (2853 turns).

Newt the Skirmisher (Kobold Hunter)                 Turns: 2853, Time: 00:03:32

Health: -2/40      AC: 12    Str: 18    XL:     6   Next: 88%
Magic:  6/6        EV: 12    Int: 10    God:
Gold:   114        SH:  0    Dex: 17    Spells: 5/5 levels left

rFire   . . .      SeeInvis .    a - +0 shortbow
rCold   . . .      Faith    .    (shield currently unavailable)
rNeg    + . .      Spirit   .    s - +5 scale mail "Dilokkeu" {Str+6}
rPois   .          Reflect  .    (helmet restricted)
rElec   .          Harm     .    (no cloak)
rCorr   .          Rampage  .    (no gloves)
Will    .....                    n - +0 pair of boots
Stlth   ++                       (no amulet)
HPRegen 0.26/turn                i - ring of positive energy
MPRegen 0.10/turn                p - ring of flight

@: flying, hasted, very quick
A: small, no large weapons, nightstalker 3, horns 1, clumsy 1, deterioration 1,
strong 1
a: no special abilities


You were on level 6 of the Dungeon.
You visited 1 branch of the dungeon, and saw 5 of its levels.

You collected 198 gold pieces.
You spent 84 gold pieces at shops.

Inventory:

Hand Weapons
 a - a +0 shortbow (weapon)
Missiles
 g - 3 boomerangs
Armour
 c - a +0 leather armour
 j - the +0 robe of Fomar {Str+6}
   (You found it on level 3 of the Dungeon)

   Str:       It affects your strength (+6).
 n - a +0 pair of boots (worn)
 s - the +5 scale mail "Dilokkeu" (worn) {Str+6}
   (You found it on level 5 of the Dungeon)

   Str:       It affects your strength (+6).
Jewellery
 i - a ring of positive energy (left hand)
 o - an amulet of regeneration
 p - a ring of flight (right hand)
Scrolls
 b - 2 scrolls of immolation
 f - a scroll of amnesia
 q - a scroll of identify
Potions
 d - 2 potions of flight
 e - a potion of degeneration
 l - 3 potions of brilliance


   Skills:
 - Level 5.0 Fighting
 + Level 8.5 Ranged Weapons
 - Level 2.4 Dodging
 - Level 1.3 Stealth


You had 5 spell levels left.
You didn't know any spells.
Your spell library was empty.

Dungeon Overview and Level Annotations

Branches:
Dungeon (6/15)
 Temple: D:4-7

Altars:
Fedhas

Shops:
D:2 :?(


Innate Abilities, Weirdness & Mutations

You are small and have problems with some larger weapons.
You are completely attuned to the shadows.
You have a pair of small horns on your head.
You are clumsy. (Dex -2)
Your body sometimes deteriorates upon taking damage.
Your muscles are strong. (Str +4, Int/Dex -1)


Message History

Done waiting.
Things that are here:
a +0 giant club; an ogre corpse A yak comes into view.
You shoot an arrow. The arrow hits the yak.
The yak bellows!
The yak is lightly wounded.
You shoot an arrow. The arrow hits the yak.
The yak is lightly wounded.
You hear a bellow!
You shoot an arrow. The arrow hits the yak.
The yak is lightly wounded.
You hear a bellow!
A yak comes into view.
The yak gores you.
You shoot an arrow. The arrow hits the yak.
The yak is lightly wounded.
A yak comes into view.
The yak gores you!
You shoot an arrow.
The arrow hits the yak but does no damage.
The yak is lightly wounded.
The yak gores you but does no damage.
You shoot an arrow. The arrow barely misses the yak.
The arrow hits the yak.
The yak is moderately wounded.
The yak gores you!
You are too injured to fight recklessly!
The yak attacks as you move away! The yak barely misses you.
The yak attacks as you move away! The yak gores you but does no damage.
The yak attacks as you move away! The yak gores you.
The yak attacks as you move away! The yak misses you.
As you read the scroll of fog, it crumbles to dust.
The scroll dissolves into smoke.
The yak completely misses you. The yak attacks as you move away!
The yak gores you. The yak attacks as you move away! The yak gores you.
* * * LOW HITPOINT WARNING * * *
It was a potion of magic.
Magic courses through your body. The yak gores you!
* * * LOW HITPOINT WARNING * * *
It was a potion of haste.
You feel yourself speed up. The yak gores you.
You die...

#..#.### #...... #.....
################.#..############
#....Y.§§§§§YYY@...)............
#.##############.##.###########.
#.# #............ ..).#. #.#
#.#.....####. ...... #Y#
#.#.....# #.##.# #.####.
#.#.....# #..... ##......
#.#.....###########.# ....###.
###.#.............###.. ....#
#...#.............##...


You could see 3 yaks.

Vanquished Creatures
  An ogre (D:6)
  A phantom (D:5)
  2 hounds
  Terence (D:2)
  5 adders
  A worm (D:3)
  3 bats
  6 endoplasms
  3 giant cockroaches
  7 hobgoblins
  2 jackals (D:6)
  2 kobolds
  2 quokkas (D:2)
  5 ball pythons
  A frilled lizard (D:2)
  8 goblins
  5 rats
55 creatures vanquished.

Vanquished Creatures (others)
  2 fungi (D:1)
  2 toadstools (D:1)
4 creatures vanquished.

Grand Total: 59 creatures vanquished

Notes
Turn   | Place    | Note
-------+----------+-------------------------------------------
     0 | D:1      | Newt the Kobold Hunter began the quest for the Orb.
     0 | D:1      | Reached XP level 1. HP: 12/12 MP: 1/1
     2 | D:1      | Noticed a vine stalker
     2 | D:1      | Noticed a tengu
     4 | D:1      | Noticed a formicid
     4 | D:1      | Noticed an elf
     6 | D:1      | Noticed a demonspawn
     6 | D:1      | Noticed a ghoul
     8 | D:1      | Noticed a spriggan
     8 | D:1      | Noticed a draconian
    10 | D:1      | Noticed a felid
    10 | D:1      | Noticed a minotaur
    12 | D:1      | Noticed a gargoyle
    12 | D:1      | Noticed a meteoran
    14 | D:1      | Noticed a naga
    14 | D:1      | Noticed an ogre
    18 | D:1      | Noticed an armataur
    18 | D:1      | Noticed a merfolk
    20 | D:1      | Noticed a vampire
    20 | D:1      | Noticed a troll
    22 | D:1      | Noticed a demigod
    24 | D:1      | Noticed a human
    26 | D:1      | Noticed a minotaur
   100 | D:1      | Reached XP level 2. HP: 18/18 MP: 2/2
   610 | D:1      | Reached XP level 3. HP: 23/23 MP: 3/3
   674 | D:2      | Gained mutation: Armour fits poorly on your strangely
                  | shaped body. [potion of mutation]
   677 | D:2      | Lost mutation: Armour fits poorly on your strangely shaped
                  | body. [potion of mutation]
   677 | D:2      | Gained mutation: You are clumsy. (Dex -2) [potion of
                  | mutation]
   677 | D:2      | Gained mutation: Your body sometimes deteriorates upon
                  | taking damage. [potion of mutation]
   677 | D:2      | Gained mutation: You have a pair of small horns on your
                  | head. [potion of mutation]
   677 | D:2      | Gained mutation: Your muscles are strong. (Str +4, Int/Dex
                  | -1) [potion of mutation]
   705 | D:2      | Found Junkyb's Magic Scroll Boutique.
   710 | D:2      | Bought a scroll of identify for 28 gold pieces
   713 | D:2      | Bought a scroll of fog for 56 gold pieces
   736 | D:2      | Found Silotita's Antique Weapon Shop.
   894 | D:2      | Found Ruelugiluf's Book Shop.
   933 | D:2      | Reached XP level 4. HP: 30/30 MP: 4/4
  1064 | D:2      | Noticed Terence
  1070 | D:2      | Killed Terence
  1071 | D:2      | Reached skill level 5 in Fighting
  1361 | D:3      | Reached XP level 5. HP: 22/35 MP: 5/5
  1555 | D:3      | Identified the +0 robe of Fomar {Str+6}
  1573 | D:3      | Reached skill level 6 in Ranged Weapons
  1695 | D:3      | Found a blossoming altar of Fedhas.
  1855 | D:3      | You fall into a shaft and drop 2 floors!
  1855 | D:5      | Entered Level 5 of the Dungeon
  1867 | D:5      | Identified the +5 scale mail "Dilokkeu" {Str+6}
  1872 | D:5      | Noticed a phantom
  1884 | D:5      | Killed a phantom
  1885 | D:5      | Reached skill level 7 in Ranged Weapons
  1885 | D:5      | Reached XP level 6. HP: 15/40 MP: 6/6
  2110 | D:5      | HP: 2/40 [centaur/arrow (6)]
  2111 | D:5      | Noticed a steam dragon
  2587 | D:6      | Noticed an ogre
  2596 | D:6      | Killed an ogre
  2597 | D:6      | Reached skill level 8 in Ranged Weapons
  2821 | D:6      | Noticed a yak
  2829 | D:6      | Noticed a yak
  2830 | D:6      | Noticed a yak
  2853 | D:6      | Slain by a yak

Illustrated notes

Levels and vault maps discovered:
D:1:      kb_arrival_jail, layout_loops_ring, minmay_gold_behind_fungi
D:2:      layout_rooms, serial_shops, shop, shop_fountains, nicolae_shop_stone,
          uniq_terence
D:3:      layout_rooms, overflow_temple_1_default, nicolae_tso_carved_into_rock,
          shapermc_ecumenical_altar_acropolis
D:5:      layout_rooms
D:6:      layout_basic

Skill      XL: |  1  2  3  4  5  6 |
---------------+-------------------+-----
Fighting       | 3 4 5 |  5.0
Ranged Weapons | 7 8 |  8.5
Dodging        | |  2.4
Stealth        | |  1.3

Action                     |  1- 3 |  4- 6 || total
---------------------------+-------+-------++-------
   Fire: Shortbow          |    59 |   105 ||   164
    Use: Scroll            |     3 |     6 ||     9
         Potion            |     2 |     5 ||     7
 Armour: Leather armour    |     5 |    23 ||    28
         Robe              |       |     1 ||     1
         Scale mail        |       |    16 ||    16
  Dodge: Dodged            |    20 |    76 ||    96

Table legend: (Time is in decaauts)
 A = Elapsed time spent in this place.
 B = Non-inter-level travel time spent in this place.
 C = Inter-level travel time spent in this place.
 D = Time resting spent in this place.
 E = Time spent auto-exploring this place.
 F = Levels seen in this place.
 G = Mean time per level.
                   A        B        C        D        E       F      G
               +--------+--------+--------+--------+--------+-----+--------+
         Total |   2895 |   2807 |     88 |    813 |   1575 |   5 |  579.0 |
       Dungeon |   2895 |   2807 |     88 |    813 |   1575 |   5 |  579.0 |
               +--------+--------+--------+--------+--------+-----+--------+

Top non-repeatable levels by time:
     D:6: 738 daAuts
     D:1: 678 daAuts
     D:2: 622 daAuts
     D:3: 586 daAuts
     D:5: 270 daAuts
